[Event "44th Chess Olympiad Women 2022"]
[Site "Chennai"]
[Date "2022.07.29"]
[Round "1.44"]
[White "Sokolova, Victoria"]
[Black "Elansary, Eman"]
[Result "0-1"]
[ECO "D35"]
[WhiteElo "1193"]
[BlackElo "1936"]
[Annotator "TA"]
[PlyCount "70"]
[EventDate "2022.07.29"]
[EventType "team-tourn"]
[EventCountry "IND"]
[SourceTitle "playchess.com"]
[Source "ChessBase"]
[SourceQuality "1"]
[WhiteTeam "Cyprus"]
[BlackTeam "Egypt"]
[WhiteTeamCountry "CYP"]
[BlackTeamCountry "EGY"]
[TimeControl "40/5400+30:1800+30"]

1. c4 e6 2. Nc3 d5 3. cxd5 exd5 4. d4 Nf6 5. Nf3 Be7 6. Bf4 O-O 7. e3 c6 8. Bd3 {[%emt 0:00:40] 8.Qc2 is not played anymore.} Bg4 $1 {[%emt 0:00:37][%mdl 4] is now more promising than 8...Nbd7. D35: Queen's Gambit Declined: Exchange Variation.} (8... Nh5 $5 ) 9. O-O Nbd7 10. h3 Bh5 {[%emt 0:00:16] The position is equal.} 11. g4 Bg6 {[%emt 0:00:14] [#]} 12. Bxg6 $146 ({Predecessor:} 12. Kg2 Ne4 13. Qc2 Ndf6 14. Ne5 Nxc3 15. Nxg6 hxg6 16. Qxc3 Bd6 17. Bg5 Qd7 18. Bxf6 gxf6 {½-½ (42) Ulrich,G (1540)-Rehder,F (1724) Rowy 2009}) 12... hxg6 13. Kg2 Ne4 14. Nxe4 dxe4 15. Ne5 ({White should play} 15. Nd2 $1 $14) 15... Nxe5 $11 16. Bxe5 Bd6 17. Bxd6 Qxd6 18. f3 (18. Qb3 $11) 18... exf3+ $1 $15 19. Qxf3 Rae8 20. Rf2 Re7 21. Re1 Rfe8 22. Rfe2 Re4 23. Qg3 {[%emt 0:03:55] Now White is beyond hope.} (23. b3 $17) 23... Qd5 $19 {[%emt 0:03:05][%csl LRa2,LRd4,LRe3,LRg4] [#] ...Rxg4+ is the strong threat.} 24. Kf2 Qxa2 25. Qc7 Qb3 26. Qa5 a6 27. Qg5 Qe6 28. Kf3 Re7 29. h4 $2 {[%emt 0:00:50] [#]} (29. Kg2) 29... Rd7 30. h5 Rd5 31. Qh4 gxh5 32. Rh2 Rxg4 {[%emt 0:00:35] Black mates.} 33. Qh3 Qe4+ 34. Kf2 Rf5+ 35. Ke2 Qc2# {[%emt 0:00:12] Weighted Error Value: White=0.65/Black=0.08 (flawless)} 0-1

[Event "44th Chess Olympiad Women 2022"]
[Site "Chennai"]
[Date "2022.07.29"]
[Round "1.45"]
[White "Paasikangas, Johanna"]
[Black "Pio Monteiro, Juliana"]
[Result "1-0"]
[ECO "E76"]
[WhiteElo "2155"]
[BlackElo "1319"]
[Annotator "TA"]
[PlyCount "59"]
[EventDate "2022.07.29"]
[EventType "team-tourn"]
[EventCountry "IND"]
[SourceTitle "playchess.com"]
[Source "ChessBase"]
[SourceQuality "1"]
[WhiteTeam "Finland"]
[BlackTeam "CPV"]
[WhiteTeamCountry "FIN"]
[TimeControl "40/5400+30:1800+30"]

1. d4 Nf6 2. c4 g6 3. Nc3 Bg7 4. e4 d6 5. f4 e5 (5... c5 $11) 6. dxe5 $16 {[%emt 0:05:17] E76: King's Indian: Four Pawns Attack: Lines specific to 6 Nf3 move-order.} dxe5 7. Qxd8+ (7. fxe5 Qxd1+ 8. Kxd1 Ng4 $17) 7... Kxd8 8. fxe5 {[%emt 0:00:09] White is better.} Ng4 {[%emt 0:01:02] [#]} 9. Bg5+ $1 Ke8 {[%emt 0:00:55] [#]} 10. h3 $146 (10. Rd1 $16 Nc6 11. Nb5) ({Predecessor:} 10. Nd5 Na6 11. Nf3 Nxe5 12. Nf6+ Bxf6 13. Bxf6 Nxf3+ 14. gxf3 Rg8 15. O-O-O Be6 16. h4 {1-0 (45) Sarkar,J (2366)-Min,R (1659) Chess.com INT 2021}) 10... Nxe5 $11 11. Nd5 Na6 12. c5 (12. O-O-O $11 Be6 13. Nf3) 12... Rb8 $2 (12... c6 $17 13. Bxa6 cxd5 14. Bb5+ Bd7 15. Bxd7+ Nxd7 16. exd5 Nxc5) 13. Bxa6 ({White should play} 13. O-O-O $16 {[%cal Od5c7] White threatens Nxc7+! and mate.} Be6 14. Nf3 Nxc5 15. Nf6+ (15. Nxc7+ Kf8 $14) 15... Bxf6 16. Bxf6 Nxf3 17. Bxh8) 13... bxa6 $14 14. O-O-O $40 {[%emt 0:00:25][%mdl 128] White attacks.} ({Reject} 14. Nxc7+ Kd7 15. Nd5 Nd3+ 16. Kf1 Nxc5 $17) 14... Bb7 (14... f5 $14) 15. Nxc7+ Kf8 16. Nd5 {[%emt 0:00:43] 0x0.0016810cfb76dp-1022s more active pieces.} Rc8 17. Be7+ ({White should try} 17. Kb1 $14) 17... Ke8 $1 $15 {[%emt 0:01:30] Hoping for ...Bxd5.} 18. Bd6 (18. Bh4 $11 {remains equal.}) 18... Bxd5 $4 (18... Nc4 $17 19. Kb1 Nxb2) 19. Rxd5 $16 ({Of course not} 19. exd5 $6 Nc4 20. Re1+ Kd7 21. Re7+ Kd8 $11) 19... Nc4 {[%emt 0:00:50] [#]} 20. e5 $1 Nxd6 21. exd6 Kd7 22. Nf3 Ke6 (22... Rb8 $16) 23. Rhd1 $18 {[%emt 0:00:28] Black must now prevent d7.} Rc6 $2 (23... Kd7 24. b4 Rhe8) 24. d7 {[%emt 0:03:19] Strongly threatening Ng5+.} Rd8 25. Ng5+ Ke7 26. Re1+ Kf8 27. Nxh7+ Kg8 28. Re8+ Rxe8 29. dxe8=Q+ Kxh7 30. Qxc6 {[%emt 0:00:12] Weighted Error Value: White=0.45/Black=0.97} 1-0

[Event "44th Chess Olympiad Women 2022"]
[Site "Chennai"]
[Date "2022.07.29"]
[Round "1.45"]
[White "Puuska, Heini"]
[Black "Moreno, Akiane"]
[Result "1-0"]
[ECO "D05"]
[WhiteElo "2010"]
[BlackElo "1232"]
[Annotator "TA"]
[PlyCount "101"]
[EventDate "2022.07.29"]
[EventType "team-tourn"]
[EventCountry "IND"]
[SourceTitle "playchess.com"]
[Source "ChessBase"]
[SourceQuality "1"]
[WhiteTeam "Finland"]
[BlackTeam "CPV"]
[WhiteTeamCountry "FIN"]
[TimeControl "40/5400+30:1800+30"]

1. d4 d5 2. Nf3 Nf6 3. e3 e6 4. Bd3 Bd6 5. O-O O-O 6. b3 Re8 {[%emt 0:00:38] D05: Colle System with ...e6.} 7. Bb2 Nc6 8. Ne5 {[%emt 0:03:04] [#]} Re7 $146 (8... Bxe5 $11 {keeps the balance.} 9. dxe5 Nd7) ({Predecessor:} 8... Bxe5 9. dxe5 Nd7 10. Qh5 Nf8 11. Nd2 Nb4 12. Be2 c5 13. a3 Nc6 14. f4 c4 15. Rf3 {½-½ (67) Kilgus,G (2446)-Mica,M (2304) Vienna 2021}) 9. a3 h6 (9... Bxe5 $14 10. dxe5 Nd7) 10. Nd2 Qe8 (10... Bxe5 $14 11. dxe5 Nd7) 11. c4 $16 {[%emt 0:01:13] Black must now prevent Nxc6. White is more active.} b6 12. Rc1 {[%emt 0:02:12] And now Nxc6 would win.} Ba6 {[%emt 0:00:05] [#] This move loses the game for Black.} (12... Nd8 $16 {was called for.} 13. b4 Bb7) 13. Nxc6 (13. c5 $1 $18 Bxd3 14. Nxd3) 13... Qxc6 14. cxd5 Qb7 15. Bxa6 Qxa6 16. dxe6 Rxe6 17. Re1 Qb7 18. Nc4 Rd8 19. Qc2 Nh5 20. Nxd6 Rdxd6 (20... cxd6 {might work better.} 21. Qc7 Qxc7 22. Rxc7 d5) 21. Qxc7 $18 Qxc7 22. Rxc7 a5 23. Rec1 Kh7 $2 (23... f5 {is a better defense.} 24. Rc8+ Kf7) 24. Rxf7 b5 25. Rf5 Nf6 26. Rxb5 Ne4 27. f3 Rc6 28. fxe4 Rxc1+ 29. Bxc1 Rxe4 30. Rxa5 {[%emt 0:01:00][%mdl 4096] Endgame KRB-KR} Re8 31. b4 Rc8 32. Rc5 Rf8 33. b5 {[%emt 0:00:17] [#] aiming for b6.} g5 34. b6 {[%emt 0:01:36] White mates.} Kg6 35. a4 Kh5 36. a5 Kh4 37. Bd2 Rb8 38. Be1+ Kh5 39. Bg3 Re8 40. Be5 Kh4 41. b7 Kg4 42. b8=Q Rxb8 43. Bxb8 Kh5 44. a6 Kg6 45. a7 h5 46. a8=Q h4 47. Qe4+ Kh5 48. Qf3+ Kg6 49. Rc6+ Kh7 50. Qf7+ Kh8 51. Rc8# {[%emt 0:00:09] Weighted Error Value: White=0.18 (very precise) /Black=0.87} 1-0

[Event "44th Chess Olympiad Women 2022"]
[Site "Chennai"]
[Date "2022.07.29"]
[Round "1.45"]
[White "Martins, Katlene Jussara"]
[Black "Nazarova, Anastasia"]
[Result "0-1"]
[ECO "B31"]
[WhiteElo "1287"]
[BlackElo "2208"]
[Annotator "TA"]
[PlyCount "68"]
[EventDate "2022.07.29"]
[EventType "team-tourn"]
[EventCountry "IND"]
[SourceTitle "playchess.com"]
[Source "ChessBase"]
[SourceQuality "1"]
[WhiteTeam "CPV"]
[BlackTeam "Finland"]
[BlackTeamCountry "FIN"]
[TimeControl "40/5400+30:1800+30"]

1. e4 c5 2. Nc3 Nc6 3. Nf3 g6 4. Bb5 Nd4 5. Ba4 Bg7 6. O-O e6 {[%emt 0:01:51] B31: Sicilian: 2...Nc6 3 Bb5 g6.} 7. d3 a6 {[%emt 0:04:58] [#]} 8. Re1 $146 ({Predecessor:} 8. Nxd4 cxd4 9. Ne2 Ne7 10. Bg5 h6 11. Bh4 O-O 12. f4 d6 13. Qd2 f5 14. Bb3 {½-½ (60) Gavrilescu,D (2473)-Miesbauer,J (2409) Pardubice 2019}) 8... b5 {[%emt 0:03:08][%cal Bb7b5,Bb5b4][%mdl 32] The position is equal.} 9. Bb3 Bb7 10. a4 (10. Nxd4 $11 cxd4 11. Ne2) 10... b4 $17 11. Ne2 Nxb3 12. cxb3 e5 13. Qc2 d6 14. Be3 Rc8 15. Rad1 Ne7 16. Qc4 (16. Nd2 $142) 16... O-O 17. h3 h6 18. Rd2 $2 {[%emt 0:02:57] [#] Loses the game.} (18. Nd2 $17 {was worth a try.}) 18... Kh7 19. Ng3 (19. Rdd1 $142) 19... f5 $19 20. exf5 gxf5 21. Nh5 f4 22. Bxf4 exf4 23. Re4 (23. d4 $142 Bxf3 24. Nxg7 Kxg7 25. gxf3) 23... d5 24. Qc1 dxe4 25. dxe4 Qc7 26. Qc2 Ng6 27. g3 fxg3 28. Rd3 Bxe4 (28... gxf2+ $142 29. Qxf2 Bxe4 30. Nf4 Nxf4 31. Qe3 Bxd3 32. Kh1 Qd7 33. Nh4 {[#]} Be5 $1 34. Kh2 Ng6+ 35. Qxe5 Nxe5 36. Kg3 Qg7+ 37. Ng6 Qxg6+ 38. Kh2 Nf3+ 39. Kh1 Qg1#) 29. Qe2 gxf2+ {[%emt 0:00:16] Black mates.} 30. Kxf2 Qh2+ 31. Ke3 Rxf3+ 32. Qxf3 Bxf3 33. Kxf3 Rf8+ 34. Ke4 Qe5# {[%emt 0:00:07] Weighted Error Value: White=1.12/Black=0.40} 0-1

[Event "44th Chess Olympiad Women 2022"]
[Site "Chennai"]
[Date "2022.07.29"]
[Round "1.46"]
[White "Omonova, Umida"]
[Black "Felix, Tobi"]
[Result "1-0"]
[ECO "B15"]
[WhiteElo "2195"]
[BlackElo "1460"]
[Annotator "TA"]
[PlyCount "57"]
[EventDate "2022.07.29"]
[EventType "team-tourn"]
[EventCountry "IND"]
[SourceTitle "playchess.com"]
[Source "ChessBase"]
[SourceQuality "1"]
[WhiteTeam "Uzbekistan"]
[BlackTeam "Ghana"]
[WhiteTeamCountry "UZB"]
[BlackTeamCountry "GHA"]
[TimeControl "40/5400+30:1800+30"]

1. e4 c6 2. d4 d5 3. Nd2 dxe4 4. Nxe4 Nf6 5. Nxf6+ exf6 6. c3 Bd6 7. Bd3 O-O 8. Qc2 h6 9. Ne2 Re8 10. Be3 Be6 {[%emt 0:11:50] B15: Caro-Kann: 3 Nc3: 3...g6 and 3...dxe4 4 Nxe4 Nf6 5 Nxf6+ exf6.} 11. O-O Qc7 12. h3 Nd7 {[%emt 0:03:03] White is slightly better.} 13. Rad1 {[%emt 0:00:31] [#]} ({Better is} 13. c4 $14) 13... Rad8 $146 (13... Bxa2 $2 14. b3 $18) (13... b5 $11) ({Predecessor:} 13... Nf8 14. c4 Qb8 15. Rfe1 h5 16. a3 g6 17. Bc1 f5 18. b3 Nh7 19. Bb2 Qc7 {1-0 (50) Farahat,A (2420)-Douissa,O (2270) Oran 2017}) 14. c4 $14 {[%emt 0:02:31][%cal Od4d5,Bc3c4,Bc4d5][%mdl 32] Strongly threatening d5!} Qb8 $2 {[%emt 0:07:37] [#]} (14... Nb6 $14) 15. d5 $1 $18 (15. Bh7+ Kh8 $14) 15... cxd5 16. cxd5 ({Weaker is} 16. Bh7+ Kh8 $14) 16... Rc8 17. Qa4 Bxh3 18. gxh3 Nc5 19. Bxc5 Rxc5 20. Rfe1 a6 21. Nd4 Rec8 (21... b5 $142 22. Qxa6 Rxd5) 22. Qb3 Kh8 23. Re2 (23. Nf5 $142) 23... Rc1 $2 (23... g6 24. Kg2 Kg7) 24. Kg2 (24. Rxc1 $142 Rxc1+ 25. Kg2) 24... R1c7 (24... Rxd1 {is a better chance.} 25. Qxd1 g6) 25. Rde1 {[%emt 0:00:06] [#] And now Nf5 would win.} Be5 (25... g6 $142 26. Bb1 Rd8) 26. Nf3 {[%emt 0:02:22] White is clearly winning.} Re7 (26... Bd6 $142 27. Nd2 Rf8) 27. Qb6 Bc7 {[%emt 0:01:13] ...Rxe2 is the strong threat.} 28. Qd4 Rxe2 29. Rxe2 {[%emt 0:00:01] Black got outplayed after the opening.  Weighted Error Value: White=0.48/Black=0.95} 1-0

[Event "44th Chess Olympiad Women 2022"]
[Site "Chennai"]
[Date "2022.07.29"]
[Round "1.46"]
[White "Khamdamova, Afruza"]
[Black "Dotse Dzidzor Esi"]
[Result "1-0"]
[ECO "B15"]
[WhiteElo "1969"]
[BlackElo "1195"]
[Annotator "TA"]
[PlyCount "83"]
[EventDate "2022.07.29"]
[EventType "team-tourn"]
[EventCountry "IND"]
[SourceTitle "playchess.com"]
[Source "ChessBase"]
[SourceQuality "1"]
[WhiteTeam "Uzbekistan"]
[BlackTeam "Ghana"]
[WhiteTeamCountry "UZB"]
[BlackTeamCountry "GHA"]
[TimeControl "40/5400+30:1800+30"]

1. e4 c6 2. d4 d5 3. Nc3 e6 4. Nf3 c5 5. exd5 exd5 6. dxc5 {[%emt 0:00:09] B15: Caro-Kann: 3 Nc3: 3...g6 and 3...dxe4 4 Nxe4 Nf6 5 Nxf6+ exf6.} Bxc5 7. Qxd5 Nd7 {[%emt 0:04:01] [#]} (7... Qe7+ $16 {was worth a try.} 8. Ne4 Bb4+ 9. Bd2 (9. c3 Nf6 $16) 9... Nf6 10. Bb5+ Nbd7) 8. Bc4 $146 {[%emt 0:03:26][%csl Gc4][%cal Rd5f7] [#] White is clearly better.} ({Predecessor:} 8. Bb5 Ngf6 9. Bxd7+ Nxd7 10. O-O O-O 11. Be3 Bxe3 12. fxe3 Qb6 13. Na4 Qxe3+ 14. Rf2 {0-1 (57) Kevlishvili,R (1482)-Van Foreest,J (1446) Enschede 2009}) 8... Qe7+ 9. Qe4 Ngf6 10. Qxe7+ Bxe7 11. O-O $36 {[%emt 0:00:29][%cal Bh1f1,Bf1e1,Be1e5][%mdl 2080] Threatens to win with Re1. Black is under strong pressure.} O-O 12. Re1 {[%emt 0:02:16] White is more active.} Re8 {[%emt 0:05:29] A mistake that costs the game.} (12... Bc5 $16 13. a3 Nb6) 13. Ng5 $18 Ne5 (13... Kf8 14. Bxf7 Rd8) 14. Rxe5 Be6 15. Nxe6 Bd6 {[%emt 0:01:38] Inhibits Nc7.} 16. Re2 fxe6 17. Bxe6+ Kh8 18. Bg5 Rf8 19. Nd5 Nxd5 20. Bxd5 Rab8 21. Be7 Bxe7 22. Rxe7 Rbe8 23. Rae1 Rxe7 24. Rxe7 {[%emt 0:00:06][%mdl 4096] Endgame KRB-KR} h6 25. Rxb7 a6 26. c4 Kh7 27. c5 (27. Be4+ $142 Kg8 28. c5 a5 29. c6 Rc8 30. c7 Kf7 31. Bf5 Rxc7 32. Rxc7+ Kf6 {[#]} 33. a4 $1) 27... Rd8 28. Be4+ {[%emt 0:00:07] White mates.} Kg8 29. f3 Kf8 30. c6 Rd1+ 31. Kf2 Rd2+ 32. Ke3 Rd8 33. c7 Rc8 34. Rb8 Re8 35. Rxe8+ Kxe8 36. c8=Q+ Ke7 37. Bd5 a5 38. Qe6+ Kd8 39. Qd6+ Ke8 40. Be6 g5 41. Qd7+ Kf8 42. Qf7# {[%emt 0:00:04] Weighted Error Value: White=0.06 (flawless) /Black=0.65} 1-0

[Event "44th Chess Olympiad Women 2022"]
[Site "Chennai"]
[Date "2022.07.29"]
[Round "1.46"]
[White "Benson, Maud"]
[Black "Bobomurodova, Maftuna"]
[Result "0-1"]
[ECO "D20"]
[WhiteElo "1334"]
[BlackElo "1914"]
[Annotator "TA"]
[PlyCount "100"]
[EventDate "2022.07.29"]
[EventType "team-tourn"]
[EventCountry "IND"]
[SourceTitle "playchess.com"]
[Source "ChessBase"]
[SourceQuality "1"]
[WhiteTeam "Ghana"]
[BlackTeam "Uzbekistan"]
[WhiteTeamCountry "GHA"]
[BlackTeamCountry "UZB"]
[TimeControl "40/5400+30:1800+30"]

1. d4 {[%emt 0:00:04] RR} d5 2. c4 dxc4 3. e4 Nf6 4. Nc3 e5 5. Nf3 exd4 6. Nxd4 {[%emt 0:03:27] D20: Queen's Gambit Accepted: 3 e3 and 3 e4.} c5 7. Ndb5 a6 8. Qa4 {[%emt 0:04:54] Black has an edge.} Bd7 $1 9. Bf4 {[%emt 0:03:37] [#]} Be7 $146 (9... Bxb5 $2 10. Nxb5 axb5 11. Qxa8 $18) ({Predecessor:} 9... Nh5 10. Be5 f6 11. Nc7+ Qxc7 12. Bxc7 Bxa4 13. Nxa4 Nd7 14. Nb6 Nxb6 15. Bxb6 Nf4 16. O-O-O Rc8 17. Bxc4 Rc6 18. Rd8+ {1-0 (18) Debray,C (2356)-Guedon,S (2199) Issy les Moulineaux 2013 EXT 2015 [RR]}) 10. Nc7+ $1 {[%emt 0:15:12] [#]} Qxc7 $1 11. Bxc7 Bxa4 12. Nxa4 {[%emt 0:00:10] Black must now prevent Nb6.} Nbd7 (12... Nxe4 $2 13. Nb6 Nc6 14. f3 $18 (14. Nxa8 Kd7 $16) (14. Bxc4 Ra7 $16)) 13. Nc3 Rc8 14. Bf4 b5 $36 {[%emt 0:00:08][%mdl 2048] Black has some pressure.} 15. f3 Nh5 16. Be3 Ne5 17. Kd2 {[%emt 0:06:41] Inhibits Nd3.} (17. a4 $11) 17... O-O (17... f5 $5 18. exf5 O-O $15) 18. Nd5 Rfd8 19. Kc2 Bf8 20. Be2 Nc6 21. Kc3 {[%emt 0:04:52] Prevents Nd4.} (21. Rhd1 $17) 21... g6 22. Rad1 Bg7+ 23. Kc2 {[%emt 0:01:03] [#]} Bd4 ({Black should play} 23... Rxd5 $1 $19 24. exd5 Nd4+ 25. Bxd4 cxd4) 24. Kb1 (24. Bg5 $17 f6 25. Bd2) 24... Bxe3 $19 25. Nxe3 Nf4 26. Rxd8+ Rxd8 27. Re1 Rd2 28. Bf1 Nb4 {[%emt 0:02:08][%cal Oc4c3] Hoping for ...c3!} 29. Rd1 Rd4 {[%emt 0:02:36] Black is much more active.} 30. Rxd4 (30. a3 $17 Nc6 31. Kc2) 30... cxd4 $17 {[%emt 0:00:02][%cal Bc5d4,Bd4d3][%mdl 4128] Endgame KBN-KNN} 31. Nc2 Nc6 {[%emt 0:00:10] Threatens to win with ...d3.} 32. g3 Ne6 33. a4 (33. f4 {was worth a try.}) 33... d3 $19 34. Na3 (34. Ne3 {keeps fighting.} Nc5 35. axb5 axb5 36. Bg2) 34... Ned4 35. axb5 d2 36. Be2 Nxe2 {[%emt 0:00:04] Pair of Knights!} 37. Kc2 Ned4+ 38. Kxd2 axb5 39. Ke3 Kf8 40. Nb1 Ke7 41. Nc3 Kd6 42. f4 Kc5 {[%emt 0:00:11] aiming for ...Kb4.} 43. Nd5 b4 44. g4 Nb5 {[%emt 0:00:39] ...b3 is the strong threat.} 45. g5 c3 {[%emt 0:00:00] Black mates.} 46. bxc3 Nxc3 47. Nxb4 Nxb4 48. h4 Nd1+ 49. Kf3 Kd4 50. f5 Ke5 {[%emt 0:05:39] Weighted Error Value: White=0.41/Black=0.11 (very precise)} 0-1

[Event "44th Chess Olympiad Women 2022"]
[Site "Chennai"]
[Date "2022.07.29"]
[Round "1.47"]
[White "Guindy, Esmat Susanne"]
[Black "Jacobs, Annelaine"]
[Result "1-0"]
[ECO "A41"]
[WhiteElo "2097"]
[BlackElo "1612"]
[Annotator "TA"]
[PlyCount "77"]
[EventDate "2022.07.29"]
[EventType "team-tourn"]
[EventCountry "IND"]
[SourceTitle "playchess.com"]
[Source "ChessBase"]
[SourceQuality "1"]
[WhiteTeam "Denmark"]
[BlackTeam "ARU"]
[WhiteTeamCountry "DEN"]
[TimeControl "40/5400+30:1800+30"]

1. d4 d6 2. Nf3 g6 3. g3 Bg7 4. Bg2 e5 5. dxe5 dxe5 6. Qxd8+ Kxd8 7. Ng5 {[%emt 0:02:41] [#] A41: 1 d4 d6: Tartakower System and Modern Defence.} Ke7 $146 ({Predecessor:} 7... Nh6 8. Bd5 Ke7 9. b3 Rd8 10. e4 c6 11. Bc4 b5 12. Be2 a5 13. a4 b4 14. Nd2 f6 {0-1 (38) Terbe,J (2305)-Czebe,A (2379) Ajka 2021}) 8. b3 (8. Nc3 $16 {And now Nd5+ would win.} Nf6 9. f4) 8... h6 (8... e4 $5 9. c3 f5 $11) 9. Ba3+ {[%emt 0:02:18] White is slightly better.} Ke8 10. Ne4 {[%emt 0:03:29] Hoping for Nbc3.} Nd7 (10... f5 $1 $14) 11. O-O {[%emt 0:04:43] 0x0.002363f28771dp-1022s more active pieces.} (11. Nbc3 $16) 11... f5 $11 12. Nc5 Nxc5 13. Bxc5 e4 14. c3 Ne7 ({Better is} 14... c6 $11) 15. Bd4 (15. f3 $1 $14) 15... Kf7 16. Na3 c6 17. Nc4 Rd8 18. Ne5+ Bxe5 19. Bxe5 Be6 20. c4 h5 (20... b5 $11) 21. f3 $14 exf3 22. Bxf3 {[%emt 0:00:48] A strong pair of Bishops.} Kg8 23. Rad1 Rd7 24. Rxd7 Bxd7 25. Rd1 Be6 26. Rd6 $36 {[%emt 0:04:13][%mdl 2048] White has good play.} Kf7 27. Kf2 Ng8 28. e4 Re8 29. Bd4 fxe4 30. Bxe4 Bf5 $2 {[%emt 0:00:44][%mdl 8192] [#] A mistake that costs the game.} (30... Ke7 $11 31. Bc5 Kf7) 31. Bxf5 $18 gxf5 {[%emt 0:00:32][%mdl 4096] Endgame KRB-KRN} 32. Rd7+ ({Weaker is} 32. Bxa7 Nf6 33. Kf3 Ra8 $16) 32... Re7 33. Rxe7+ Kxe7 34. Bxa7 {[%emt 0:00:09] KB-KN} Nf6 35. Kf3 Ng4 36. h3 Nf6 37. Kf4 Ke6 38. Bd4 {[%emt 0:00:56] [#] aiming for Bxf6.} Kf7 (38... Ne4 $142 39. g4 hxg4) 39. Kxf5 {[%emt 0:00:39] Weighted Error Value: White=0.22 (precise) /Black=0.39} (39. Bxf6 $142 Kxf6 40. c5) 1-0

[Event "44th Chess Olympiad Women 2022"]
[Site "Chennai"]
[Date "2022.07.29"]
[Round "1.47"]
[White "Fredericia, Louise"]
[Black "Aponte, Samantha"]
[Result "1-0"]
[ECO "C26"]
[WhiteElo "1990"]
[BlackElo "1087"]
[Annotator "TA"]
[PlyCount "59"]
[EventDate "2022.07.29"]
[EventType "team-tourn"]
[EventCountry "IND"]
[SourceTitle "playchess.com"]
[Source "ChessBase"]
[SourceQuality "1"]
[WhiteTeam "Denmark"]
[BlackTeam "ARU"]
[WhiteTeamCountry "DEN"]
[TimeControl "40/5400+30:1800+30"]

1. e4 e5 2. Nc3 Nc6 3. g3 Nf6 4. Bg2 Bc5 5. Nge2 d6 6. h3 (6. Na4 $11) 6... Be6 {[%emt 0:05:53] has lost popularity (6...a6). C26: Vienna Game: 2...Nf6, sidelines .} (6... a5 $15) 7. O-O (7. Na4 $5 ) 7... Qd7 8. Kh2 O-O-O {[%emt 0:02:12] The position is equal.} 9. Na4 (9. Nd5 {is interesting.} Nxe4 10. Bxe4 Bxh3 11. Bg2) 9... Bb6 10. Nxb6+ (10. f3 {keeps more tension.} d5 11. d3 h5 12. Bg5) 10... axb6 {[%emt 0:00:39] [#]} 11. f4 $146 {[%emt 0:06:44][%cal Bf2f4,Bf4f5][%mdl 32] [#]} ({Predecessor:} 11. Nc3 Qe7 12. Nd5 Qf8 13. c3 Ne7 14. c4 b5 15. Nxe7+ Qxe7 16. cxb5 Bc4 17. d3 Bxb5 {1-0 (30) Zimmerer,L (1618)-Bohrmann,S (1563) Oberhof 2010}) 11... Qe7 (11... Nxe4 $1 $11 12. Bxe4 (12. d4 d5) 12... Bxh3) 12. d3 $14 Kb8 13. f5 Bc8 {[%emt 0:01:14] [#]} 14. g4 (14. Nc3 $1 $16) 14... Rdf8 ({Better is} 14... g5 $11) 15. Ng3 Nd7 (15... h6 $14) 16. c3 $16 f6 {[%emt 0:02:29] A mistake that costs the game.} ({Black should try} 16... h6 $14) 17. b4 b5 $2 (17... g6 18. Be3 Qg7) 18. a4 $18 Nb6 $2 (18... Nd8 19. axb5 b6) 19. axb5 Na7 20. c4 Bd7 21. Be3 Nbc8 22. Bxa7+ Nxa7 23. Qa4 Kc8 24. Qxa7 Kd8 25. Qxb7 {[%emt 0:01:20] White threatens Ra8+ and mate.} Bc8 26. Ra8 Qd7 27. Rfa1 Ke7 28. Qd5 Qd8 29. b6 {[%emt 0:02:07] R1a7 would kill now.} Qd7 30. R1a7 {[%emt 0:00:49] Weighted Error Value: White=0.18 (very precise) /Black=0.99} 1-0